 Dungeon Crawl Stone Soup version 0.25.0-10-g039870ee82 (webtiles) character file.

Game seed: 12747101292057572991

(classic levelgen) 191 EnegeticOcto the Skirmisher (level 5, 0/48 HPs)
             Began as a Centaur Earth Elementalist on June 23, 2020.
             Slain by an iguana (11 damage)
             ... on level 3 of the Dungeon.
             The game lasted 00:03:52 (3594 turns).

EnegeticOcto the Skirmisher (CeEE)                  Turns: 3594, Time: 00:03:52

Health: 0/48       AC:  8    Str: 12    XL:     5   Next: 41%
Magic:  7/7        EV:  3    Int: 14    God:
Gold:   106        SH:  0    Dex:  9    Spells: 6/7 levels left

rFire    . . .     SeeInvis .   l - +2 dagger (venom)
rCold    . . .     Gourm    .   (no shield)
rNeg     . . .     Faith    .   q - +0 chain mail
rPois    .         Spirit   .   c - +0 helmet
rElec    .         Reflect  .   g - scarf {+Inv}
rCorr    .         Harm     .   (no gloves)
MR       .....                  (no barding)
Stlth    ..........             (no amulet)
HPRegen  0.16/turn              (no ring)
MPRegen  0.10/turn              (no ring)

@: very quick
A: large, hooves 3, deformed body, speed 2, tough skin 3
a: Evoke Invisibility


You were on level 3 of the Dungeon.
You were not hungry.

You visited 1 branch of the dungeon, and saw 4 of its levels.

You collected 106 gold pieces.

Inventory:

Hand Weapons
 d - a +0 short sword
 l - a +2 dagger of venom (weapon)
Missiles
 a - 14 poisoned darts
 b - 159 stones (quivered)
 h - 46 bolts
Armour
 c - a +0 helmet (worn)
 g - a scarf of invisibility (worn)
 q - a +0 chain mail (worn)
Jewellery
 t - an uncursed amulet of magic regeneration {unknown}
Scrolls
 j - 2 scrolls of remove curse {@r2}
 m - 2 scrolls of teleportation {unknown}
 n - a scroll of immolation {unknown}
 o - a scroll of enchant weapon {unknown}
 p - 2 scrolls of identify {unknown}
Potions
 i - a potion of flight {unknown}
 k - a potion of might {unknown}
 r - 2 potions of curing {@q1 !q}
 s - 3 potions of heal wounds {unknown}
Comestibles
 e - 8 rations
 f - a chunk of flesh


   Skills:
 + Level 5.2 Fighting
 - Level 1.3 Dodging
 - Level 1.1 Stealth
 - Level 1.5 Spellcasting
   Level 0.8 Transmutations
 - Level 2.6 Earth Magic


You had 6 spell levels left.
You knew the following spells:

 Your Spells              Type           Power        Failure   Level  Hunger
a - Sandblast             Erth           #.....       99%         1    ##.....

Your spell library contained the following spells:

 Spells                   Type           Power        Failure   Level  Hunger
 Passwall                 Tmut/Erth      #.......     100%        2    ###....
 Stone Arrow              Conj/Erth      #.....       100%        3    ####...
 Petrify                  Tmut/Erth      #.......     100%        4    #####..
 Lee's Rapid Deconstruct  Erth           #.........   100%        5    ######.


Dungeon Overview and Level Annotations

Branches:
Dungeon (4/15)
 Temple: D:4-7

Altars:
Ashenzari
Xom

Annotations:
D:2 Sigmund


Innate Abilities, Weirdness & Mutations

You have hooves in place of feet.
Armour fits poorly on your strangely shaped body.
You cover ground very quickly.
You have extremely tough skin. (AC +3)


Message History

You hit the orc wizard but do no damage.
The orc wizard is poisoned.
Your kick misses the orc wizard. You hit the orc.
The orc is severely wounded.
The orc hits you but does no damage.
You barely miss the orc. You kick the orc.
You kill the orc!
The orc wizard hits you with a +0 dagger.
Your chain mail prevents you from hitting the orc.
You kick the orc!
You kill the orc!
You have reached level 5!
The orc wizard mumbles some strange words.
The orc wizard flickers and vanishes!
Deactivating autopickup; reactivate with Ctrl-A.
You see here an orc corpse.
You closely miss something. Your kick misses something.
Something hits you but does no damage.
You miss something. Something hits you but does no damage.
Your chain mail prevents you from hitting something.
Something hits you but does no damage.
Your chain mail prevents you from hitting something.
You kick something. Something hits you but does no damage.
You miss something. Something hits you.
You hit something. Your kick misses something.
You are feeling hungry.
Something hits you but does no damage.
You closely miss something. Something hits you but does no damage.
You closely miss something. Something hits you but does no damage.
You barely miss something. Your kick misses something.
Something hits you but does no damage.
You hit something but do no damage. Your kick misses something.
Something hits you but does no damage.
You hit something but do no damage. Something hits you but does no damage.
Your chain mail prevents you from hitting something.
Something hits you but does no damage.
Some of the chunks of flesh in your inventory have rotted away.
Your chain mail prevents you from hitting something.
You kick something. Something hits you but does no damage.
You closely miss something. You kick something.
Reactivating autopickup.
Your Fighting skill increases to level 5!
You feel a bit more experienced.
Things that are here:
a +0 dagger; a +0 robe There isn't anything to butcher here.
You see here an orc corpse.
You butcher the orc corpse.
f - 3 chunks of flesh (gained 1)
You see here an orc skeleton.
You start resting.
Eating one of 3 chunks of flesh.
You eat one of the 3 chunks of flesh.
This raw flesh tastes terrible.
Some of the chunks of flesh in your inventory have rotted away.
HP restored.
There is a stone staircase leading down here.
You climb downwards.
The iguana bites you.
The orc throws a boomerang.
The boomerang hits you.
The weapon returns to the orc!
There is a stone staircase leading up here.
The iguana bites you.
The orc throws a boomerang.
The boomerang hits you but does no damage.
The weapon returns to the orc!
The orc priest hits you with a +1 whip of venom.
You are poisoned.
You climb upwards.
You feel sick.
There is a stone staircase leading down here.
You closely miss the orc priest.
You feel sick. The orc priest completely misses you. The iguana bites you.
You hit the orc priest.
The orc priest is poisoned.
You kick the orc priest, but do no damage.
The orc priest is lightly wounded.
The orc priest barely misses you. The iguana bites you.
You hit the orc priest.
The orc priest looks as sick as possible!
The orc priest is moderately wounded.
You feel sick.
The orc priest hits you but does no damage.
The iguana bites you!
You hit the orc priest.
The orc priest looks as sick as possible!
The orc priest is heavily wounded.
You feel sick.
The orc priest hits you with a +1 whip of venom.
You are lethally poisoned!
The iguana bites you but does no damage.
Your chain mail prevents you from hitting the orc priest.
The orc priest is severely wounded.
You feel sick.
The orc priest mumbles some strange prayers to Beogh against you.
Pain shoots through your body!
* * * LOW HITPOINT WARNING * * *
The iguana bites you.
* * * LOW HITPOINT WARNING * * *
It was a potion of curing.
You feel better. The orc priest barely misses you. The iguana bites you.
* * * LOW HITPOINT WARNING * * *
You barely miss the orc priest.
The orc priest is almost dead.
You kill the orc priest!
The iguana bites you!
You die...

#.###########..###
#.# ########..#
#.# #...).....#
#.# #.######.###
#.# #.# #.#.## #.#
#.# #..<.# #.# #.#
#.....
#)####.######....#
#@l...........#.##
######.########.#
#.# #.# #.# #.#
##.# #.# #..# #.#
#.## ##.## #.#
#.... #.# ##...


You could see an iguana.

Vanquished Creatures
  An orc priest (D:3)
  Terence (D:2)
  An orc wizard (D:3)
  4 adders
  2 worms
  3 dart slugs
  3 leopard geckos
  3 orcs (D:3)
  3 giant cockroaches
  2 goblins (D:1)
  8 hobgoblins
  A quokka (D:2)
  3 ball pythons
  10 bats
  A frilled lizard (D:2)
  8 kobolds
  7 rats
61 creatures vanquished.

Notes
Turn   | Place    | Note
-------+----------+-------------------------------------------
     0 | D:1      | EnegeticOcto the Centaur Earth Elementalist began the quest
                  | for the Orb.
     0 | D:1      | Reached XP level 1. HP: 14/14 MP: 3/3
   100 | D:1      | Reached skill level 1 in Fighting
   219 | D:1      | Reached XP level 2. HP: 7/24 MP: 4/4
   566 | D:1      | Reached skill level 2 in Fighting
  1207 | D:2      | Noticed Sigmund
  1334 | D:2      | Reached XP level 3. HP: 27/30 MP: 5/5
  1429 | D:3      | Reached skill level 3 in Fighting
  1895 | D:2      | Found a shattered altar of Ashenzari.
  2137 | D:3      | Found a shimmering altar of Xom.
  2313 | D:2      | Reached XP level 4. HP: 36/40 MP: 6/6
  2475 | D:2      | Noticed Terence
  2498 | D:2      | Killed Terence
  2498 | D:2      | Reached skill level 4 in Fighting
  3205 | D:3      | Found a shimmering altar of Xom.
  3205 | D:3      | Found a shimmering altar of Xom.
  3207 | D:3      | Found a shimmering altar of Xom.
  3208 | D:3      | Found a shimmering altar of Xom.
  3209 | D:3      | Found a shimmering altar of Xom.
  3216 | D:3      | Found a shimmering altar of Xom.
  3216 | D:3      | Found a shimmering altar of Xom.
  3501 | D:3      | Reached XP level 5. HP: 35/47 MP: 7/7
  3516 | D:3      | Reached skill level 5 in Fighting
  3594 | D:3      | Slain by an iguana

Illustrated notes

Levels and vault maps discovered:
D:1:      dpeg_arrival_solitude, layout_loops_corners
D:2:      layout_basic, nicolae_ashenzari_panopticon,
          chequers_ecumenical_altar_simple_redux, uniq_terence, uniq_sigmund,
          uniq_jessica
D:3:      layout_loops_ring, xom_redecorated
D:4:      layout_loops_ring, gammafunk_temple_overflow_elements,
          minmay_misc_feat_rugged, dk_yredelemnul_ordeal

Skill      XL: |  1  2  3  4  5 |
---------------+----------------+-----
Fighting       | 1 2 3 4 5 |  5.2
Dodging        | |  1.3
Stealth        | |  1.1
Spellcasting   | |  1.5
Transmutations | |  0.8
Earth Magic    | |  2.6

Action                   |  1- 3 |  4- 6 || total
-------------------------+-------+-------++-------
Melee: Short sword       |    10 |       ||    10
       Unarmed           |     8 |       ||     8
       Kick              |    20 |    15 ||    35
       Dagger            |   109 |    70 ||   179
 Cast: Sandblast         |     9 |       ||     9
  Use: Scroll            |     1 |       ||     1
       Potion            |       |     1 ||     1
  Eat: Chunk             |     3 |     4 ||     7
Armor: Robe              |     8 |       ||     8
       Plate armour      |    84 |       ||    84
       Chain mail        |    14 |    33 ||    47
Dodge: Dodged            |    17 |     8 ||    25
